 Dungeon Crawl Stone Soup version 0.16-a0-113-gc8d9654 (webtiles) character file.

162254 Malachi the Hoplite (level 16, 0/139 HPs)
             Began as a Centaur Fighter on Aug 9, 2014.
             Was an Elder of Qazlal.
             Slain by an orange rat (10 damage)
             ... summoned by a deep elf summoner
             ... led by an ironheart preserver
             ... on Level 1 of the Vaults on Aug 11, 2014.
             The game lasted 01:44:40 (45847 turns).

Malachi the Hoplite (Centaur Fighter)              Turns: 45847, Time: 01:44:40

HP   0/139       AC 20     Str 23 (24) XL: 16   Next: 96%
MP  15/25        EV  8     Int  7      God: Qazlal [****..]
Gold 3319        SH 18     Dex 10 (11) Spells:  0 memorised, 15 levels left

rFire  . . .     SeeInvis +     w - +3 trident (flame)
rCold  . . .     Clarity  .     t - +0 scale mail {rPois}
rNeg   . . .     rCorr    .     y - +0 shield
rPois  +         rRot     .     U - +2 helmet
rElec  .         Spirit   .     i - +0 cloak
SustAb .         Warding  .     (no gloves)
rMut   .         Stasis   .     I - +1 centaur barding
Gourm  .                        (no amulet)
MR     +....                    X - ring of see invisible
                                o - +3 ring of slaying

@: slightly contaminated, slowed, glowing, repel missiles, somewhat resistant to
hostile enchantments, extremely unstealthy
A: hooves 3, deformed body, speed 2, tough skin 3
a: Upheaval, Elemental Force, Renounce Religion
}: 1/15 runes: gossamer


You were on level 1 of the Vaults.
You worshipped Qazlal.
Qazlal was greatly pleased with you.
You were near starving.

You visited 6 branches of the dungeon, and saw 33 of its levels.
You visited the Abyss 1 time.
You also visited: Ossuary.

You collected 3319 gold pieces.

Inventory:

Hand weapons
 w - a +3 trident of flaming (weapon)
Armour
 i - a +0 cloak (worn)
 t - a +0 scale mail of poison resistance (worn)
 y - a +0 shield (worn)
 I - a +1 centaur barding (worn)
 U - a +2 helmet (worn)
Magical devices
 h - a wand of disintegration (6)
 n - a wand of confusion (12)
 u - a wand of disintegration (6)
 x - a wand of heal wounds (0)
 A - a wand of digging (3)
 L - a wand of invisibility (1)
Comestibles
 c - a slice of pizza
 d - 13 bread rations
 f - 4 meat rations
 j - 7 beef jerkies
 D - 2 royal jellies
 R - 3 fruits
Scrolls
 Q - a scroll of recharging
 Z - 4 scrolls of magic mapping
Jewellery
 b - an uncursed ring of ice
 o - a +3 ring of slaying (left hand)
 F - an uncursed ring of flight
 J - an uncursed amulet of rage {unknown}
 K - an uncursed ring of protection from magic
 N - an uncursed amulet of clarity {unknown}
 X - a ring of see invisible (right hand)
 Y - an uncursed ring of sustain abilities
Potions
 a - a potion of magic
 e - 4 potions of might
 p - a potion of brilliance
 z - 2 potions of curing
 B - 2 potions of lignification
 C - 2 potions of cancellation
 E - a potion of invisibility
 H - a potion of agility
 P - 2 potions of haste
Rods
 M - a cursed +0 rod of clouds (12/12)
   (You found it on level 8 of the Lair of Beasts)


   Skills:
 + Level 11.9 Fighting
 + Level 12.9 Polearms
 + Level 1.5 Throwing
 + Level 9.7 Armour
 + Level 10.1 Dodging
 - Level 1.0 Stealth
 + Level 13.2 Shields
 - Level 8.0 Invocations
 - Level 1.1 Evocations


You had 15 spell levels left.
You didn't know any spells.

Dungeon Overview and Level Annotations

Branches:
Dungeon (14/15)            Temple (1/1) D:4             Orc (4/4) D:12
    Elf (0/3) Orc:3          Lair (8/8) D:10         Shoals (0/5) Lair:6
 Spider (5/5) Lair:5        Slime (0/6) Lair:7       Vaults (1/5) D:13

Altars:
Ashenzari
Cheibriados
Dithmenos
Elyvilon
Fedhas
Gozag
Kikubaaqudgha
Makhleb
Nemelex Xobeh
Okawaru
Qazlal
Sif Muna
Trog
Vehumet
Xom
Yredelemnul
Zin
The Shining One
Beogh
Lugonu

Shops:
D:6 (   D:8 :   D:12 %   Orc:4 ?(**


Innate Abilities, Weirdness & Mutations

You have hooves in place of feet.
Armour fits poorly on your strangely shaped body.
You cover ground very quickly.
You have extremely tough skin (AC +3).


Message History

You block the freezing wraith's attack. x2
You hear a shout!
The deep elf summoner seems to regain its courage.
The freezing wraith is engulfed in roaring flames.
An ironheart preserver comes into view. It is wielding a glowing morningstar.
Things that are here:
a ring mail; an orc corpse The deep elf summoner mumbles some strange words.
The ironheart preserver mumbles some strange words.
The ironheart preserver begins to accept its allies' injuries.
The deep elf summoner is engulfed in freezing vapours.
The orange rat bites you.
* * * LOW HITPOINT WARNING * * *
There is a gate leading back out of this place, spattered with blood here.
You block the deep elf summoner's attack.
You block the orange rat's attack.
The freezing wraith hits you but does no damage. x2
The deep elf summoner hits you but does no damage.
The orange rat bites you!
You die...

.......# .......#
......# #''''###
#......#
########.§.)..#
#...§§.#...§..##+###
#...W§.#).....o.....
#..@r)O)o..o..#.....
#§re§§.#......#§....
#...§.)########§....
#p.....# #.....
#'###### #..... #.
#..... #. #§.... #.
#..... #...§.


You could see an ironheart preserver, a deep elf summoner, a freezing wraith, 2
orc warriors, an ogre and 2 orange rats.

Vanquished Creatures
  Norris (Spider:2)
  Kirke (Spider:1)
  6 ghost moths
  6 emperor scorpions
  Louise (Spider:2)
  An ettin (D:13)
  Fannar (D:13)
  Nessos (D:11)
  2 hydras
  2 death yaks (Lair:8)
  3 centaur warriors
  4 orc high priests
  The ghost of Armakuni the Transmogrifier, an experienced HuTm of Makhleb (D:10)
  A wizard (D:13)
  A deep troll (D:13)
  19 orb spiders
  An ironbrand convoker (Vaults:1)
  2 harpies (Spider:1)
  A sea snake (shapeshifter) (D:13)
  Pikel (D:5)
  A lindwurm (Lair:8)
  4 hill giants
  6 orc knights
  7 red wasps
  26 wolf spiders
  A necromancer (Vaults:1)
  3 ugly things
  4 orc sorcerers (Orc:4)
  A cyclops (D:11)
  13 elephants
  A manticore (D:11)
  Joseph (D:9)
  A gargoyle (D:13)
  2 torpor snails (Lair:8)
  7 spiny frogs
  3 kobold demonologists
  Psyche (D:9)
  12 komodo dragons
  18 demonic crawlers
  An efreet (D:13)
  A hellwing (Orc:4)
  4 fire drakes
  A freezing wraith (Vaults:1)
  2 spriggan druids (Lair:8)
  34 jumping spiders
  8 polar bears (Lair:8)
  A blue devil (Orc:2)
  3 trolls
  A two-headed ogre (Vaults:1)
  6 slime creatures (D:14)
  3 boulder beetles
  A vampire (D:13)
  14 blink frogs
  A wraith (D:13)
  A basilisk (Lair:8)
  19 trapdoor spiders
  35 tarantellas
  2 deep elf magi
  11 spriggans (Lair:8)
  49 redbacks
  8 fire elementals
  A human (D:8)
  2 water elementals
  4 wyverns
  A steam dragon (shapeshifter) (D:13)
  3 air elementals
  Grum (D:9)
  2 vampire mosquitoes (D:14)
  A hill giant skeleton (D:9)
  3 wargs
  35 yaks
  9 hippogriffs
  3 hogs
  3 hungry ghosts
  A mottled dragon (D:14)
  26 wolves
  A soldier ant (D:11)
  11 water moccasins
  7 phantoms
  5 ice beasts
  6 porcupines
  7 ogres
  19 spiders
  31 orc warriors
  14 black bears
  4 sky beasts
  7 yellow wasps
  A necrophage (D:8)
  8 centaurs
  2 slaves (D:5)
  A boring beetle (Lair:7)
  A manticore skeleton (D:13)
  16 crocodiles
  3 big kobolds (D:13)
  A gnoll sergeant (D:7)
  17 giant frogs
  13 scorpions
  A cyclops skeleton (D:13)
  A wyvern skeleton (D:9)
  10 wights (D:8)
  12 killer bees
  3 jellies
  A lava snake (D:9)
  2 crimson imps
  3 goliath beetles (D:8)
  3 electric eels
  2 giant frog zombies (D:13)
  7 hounds
  25 orc priests
  6 centaur zombies
  32 orc wizards
  A kobold skeleton (D:13)
  A black bear skeleton (D:8)
  An iron imp (D:13)
  12 iguanas
  11 worker ants
  3 big kobold zombies (Ossuary)
  24 sheep
  5 mummies
  11 gnolls
  2 orc zombies
  18 adders
  66 green rats
  A giant mite (D:2)
  2 worms
  An ufetubus (D:11)
  An orc skeleton (D:10)
  10 giant geckos
  2 oozes
  167 orcs
  16 bats
  9 giant cockroaches
  22 goblins
  23 hobgoblins
  A jackal (D:5)
  17 quokkas
  3 ball pythons
  4 giant newts
  3 giant spores
  A goblin zombie (D:4)
  3 hobgoblin zombies (Ossuary)
  A jackal zombie (D:3)
  29 kobolds
  A kobold zombie (D:5)
  A quokka zombie (D:6)
  14 rats
  A rat zombie (D:6)
  19 ballistomycetes
  3 bushes
  65 fungi
  40 plants
1367 creatures vanquished.

Vanquished Creatures (collateral kills)
  An emperor scorpion (Spider:5)
  A stone giant (Orc:4)
  Snorg (Lair:7)
  A death yak (Lair:8)
  A skeletal warrior (Vaults:1)
  An ironbrand convoker (Vaults:1)
  2 orc knights
  3 elephants
  A komodo dragon (Lair:7)
  A troll (Orc:2)
  A polar bear (Lair:8)
  A yak (D:10)
  A water elemental (Vaults:1)
  A spriggan (Lair:8)
  An air elemental (Spider:2)
  A wolf (Lair:8)
  3 orc warriors
  A porcupine (Lair:7)
  2 orc priests (Orc:2)
  An orc wizard (Orc:3)
  14 orcs
40 creatures vanquished.

Vanquished Creatures (others)
  6 air elementals
  3 humans
  3 water elementals
  7 fire elementals
  An ogre (D:5)
  A scorpion (Spider:2)
  A giant frog zombie (D:5)
  A kobold (D:5)
  A giant spore (D:12)
  4 fungi
  A plant (Lair:4)
29 creatures vanquished.

Grand Total: 1436 creatures vanquished

Notes
Turn   | Place    | Note
--------------------------------------------------------------
     0 | D:1      | Malachi, the Centaur Fighter, began the quest for the Orb.
     0 | D:1      | Reached XP level 1. HP: 19/19 MP: 1/1
   177 | D:1      | Reached XP level 2. HP: 26/26 MP: 2/2
   485 | D:1      | Reached XP level 3. HP: 14/31 MP: 3/3
  1009 | D:2      | Reached XP level 4. HP: 29/38 MP: 3/3
  1581 | D:3      | Reached skill level 1 in Dodging
  1657 | D:3      | Found a burning altar of Makhleb.
  1659 | D:3      | Found a stormy altar of Qazlal.
  1705 | D:3      | Found a glowing silver altar of Zin.
  1764 | D:3      | Became a worshipper of Qazlal Stormbringer
  1859 | D:3      | Reached XP level 5. HP: 36/45 MP: 4/4
  2165 | D:4      | Found a staircase to the Ecumenical Temple.
  2188 | Temple   | Entered the Ecumenical Temple
  2317 | D:4      | Acquired Qazlal's first power
  2378 | D:5      | Entered Level 5 of the Dungeon
  2396 | D:4      | Reached XP level 6. HP: 41/52 MP: 5/5
  3177 | D:4      | Noticed a phantom
  3243 | D:4      | Killed a phantom
  3645 | D:5      | Noticed a sky beast
  3659 | D:5      | Killed a sky beast
  3659 | D:5      | Reached skill level 4 in Fighting
  3659 | D:5      | Reached skill level 1 in Evocations
  3659 | D:5      | Reached XP level 7. HP: 59/59 MP: 5/6
  3688 | D:5      | Noticed an ice beast
  3703 | D:5      | Killed an ice beast
  3809 | D:5      | Noticed a sky beast
  3827 | D:5      | Killed a sky beast
  3839 | D:5      | Acquired Qazlal's second power
  3907 | D:5      | Noticed a phantom
  4202 | D:5      | Killed a phantom
  4304 | D:5      | Noticed a slave
  4308 | D:5      | Noticed a slave
  4320 | D:5      | Killed a slave
  4333 | D:5      | Killed a slave
  4378 | D:5      | Noticed a slave
  4379 | D:5      | Noticed Pikel
  4382 | D:5      | Noticed a slave
  4415 | D:5      | Killed Pikel
  4415 | D:5      | Reached XP level 8. HP: 50/67 MP: 7/7
  4495 | D:5      | Killed an ogre
  4765 | D:5      | Noticed a phantom
  4783 | D:5      | Killed a phantom
  4898 | D:5      | Found a shimmering altar of Xom.
  5326 | D:6      | Found a sand-covered staircase.
  5336 | Ossuary  | Entered an ossuary
  5545 | Ossuary  | Reached skill level 5 in Fighting
  5565 | Ossuary  | Reached skill level 5 in Shields
  5676 | Ossuary  | Reached skill level 1 in Invocations
  5728 | D:6      | Found Owuast's Weapon Shoppe.
  5808 | D:6      | Noticed a hill giant
  5839 | D:6      | Killed a hill giant
  5839 | D:6      | Reached XP level 9. HP: 72/74 MP: 6/10
  5971 | D:6      | Acquired Qazlal's third power
  5971 | D:6      | Reached skill level 5 in Polearms
  6022 | D:6      | Reached skill level 1 in Throwing
  6853 | D:7      | Found a shadowy altar of Dithmenos.
  7318 | D:7      | Reached skill level 5 in Armour
  7335 | D:7      | Found a bloodstained altar of Trog.
  7643 | D:8      | Found Hemis' Book Boutique.
  7798 | D:8      | Acquired Qazlal's fourth power
  7994 | D:8      | Found a shimmering altar of Xom.
  8043 | D:8      | Reached XP level 10. HP: 81/83 MP: 14/14
  8121 | D:7      | Found a glowing golden altar of the Shining One.
  8121 | D:7      | Found an opulent altar of Gozag.
  8121 | D:7      | Found a radiant altar of Vehumet.
  8131 | D:7      | Found a deep blue altar of Sif Muna.
  8204 | D:8      | Reached skill level 6 in Shields
  8984 | D:8      | Reached skill level 5 in Invocations
  9087 | D:8      | Found a snail-covered altar of Cheibriados.
  9922 | D:9      | Noticed Joseph
  9954 | D:9      | Killed Joseph
  9999 | D:9      | Noticed Psyche
 10130 | D:9      | Killed Psyche
 10168 | D:9      | Found a shattered altar of Ashenzari.
 10341 | D:9      | Noticed Grum
 10369 | D:9      | Killed Grum
 11137 | D:10     | Entered Level 10 of the Dungeon
 11144 | D:10     | Noticed Armakuni's ghost (experienced HuTm)
 11145 | D:10     | Reached XP level 11. HP: 61/91 MP: 20/20
 11446 | D:10     | Reached skill level 5 in Dodging
 11451 | D:10     | Noticed a hill giant
 11461 | D:10     | Killed a hill giant
 11461 | D:10     | Reached skill level 7 in Polearms
 11890 | D:10     | Killed Armakuni's ghost
 12163 | D:10     | Found a staircase to the Lair.
 13114 | D:10     | Upgraded the game from 0.16-a0-100-g0188e4c to 0.16-a0-110-ge8ded92
 13311 | D:11     | Noticed Nessos
 13658 | D:11     | Killed Nessos
 14581 | D:12     | Reached skill level 1 in Stealth
 14613 | D:12     | Found Ghoufiojana's Food Emporium.
 14674 | D:12     | Acquired Qazlal's fifth power
 15078 | D:12     | Found a staircase to the Orcish Mines.
 15657 | D:12     | Reached skill level 8 in Invocations
 15975 | Lair:1   | Entered Level 1 of the Lair of Beasts
 15978 | Lair:1   | Noticed a four-headed hydra
 15983 | Lair:1   | Killed a four-headed hydra
 15985 | Lair:1   | You fall through a shaft!
 16016 | Lair:2   | Reached XP level 12. HP: 38/101 MP: 22/22
 19766 | Lair:4   | Reached skill level 9 in Polearms
 20462 | Lair:4   | Reached XP level 13. HP: 68/110 MP: 23/23
 20950 | Lair:5   | Found a hole to the Spider Nest.
 21634 | Lair:6   | Found a staircase to the Shoals.
 22269 | Lair:7   | Noticed Snorg
 22279 | Lair:7   | Killed Snorg
 22990 | Lair:7   | Found a staircase to the Slime Pits.
 22990 | Lair:7   | Noticed an azure jelly
 22990 | Lair:7   | Noticed an azure jelly
 22990 | Lair:7   | Noticed an azure jelly
 23177 | Lair:8   | Entered Level 8 of the Lair of Beasts
 23872 | Lair:8   | Reached skill level 10 in Shields
 23893 | Lair:8   | Reached skill level 10 in Polearms
 24440 | Lair:8   | Reached XP level 14. HP: 66/119 MP: 20/24
 26259 | D:12     | Identified a +0 rod of clouds (12/12) (You found it on level 8 of the Lair of Beasts)
 26513 | Orc:1    | Entered Level 1 of the Orcish Mines
 26534 | Orc:1    | Found a roughly hewn altar of Beogh.
 27060 | Orc:2    | Reached skill level 10 in Fighting
 27088 | Orc:2    | Found a roughly hewn altar of Beogh.
 28412 | Orc:3    | Found a staircase to the Elven Halls.
 28552 | Orc:4    | Entered Level 4 of the Orcish Mines
 28761 | Orc:4    | Found a roughly hewn altar of Beogh.
 30948 | Orc:4    | Found Kiutoal's Assorted Antiques.
 30952 | Orc:4    | Found Quhusu's Antique Weapon Shoppe.
 30957 | Orc:4    | Found Sentoiz's Magic Scroll Shoppe.
 30959 | Orc:4    | Found Puffuadi's Assorted Antiques.
 31305 | D:13     | Reached skill level 11 in Shields
 31398 | D:13     | Noticed Fannar
 31761 | D:13     | Killed Fannar
 31946 | D:13     | Found a gate to the Vaults.
 32170 | D:13     | Identified the Grimoire of Hurtful Lightness
 32423 | D:13     | Reached XP level 15. HP: 126/128 MP: 25/25
 32887 | Spider:1 | Entered Level 1 of the Spider Nest
 33271 | Spider:1 | Noticed Kirke
 33318 | Spider:1 | Killed Kirke
 35563 | Spider:1 | Upgraded the game from 0.16-a0-110-ge8ded92 to 0.16-a0-113-gc8d9654
 36004 | Spider:2 | Noticed Louise
 36035 | Spider:2 | Cast into the Abyss (Louise)
 36042 | Abyss:1  | Found a sparkling altar of Nemelex Xobeh.
 36087 | Spider:2 | Escaped the Abyss
 36103 | Spider:2 | Killed Louise
 36331 | Spider:2 | Reached skill level 12 in Shields
 36844 | Spider:2 | Noticed Norris
 36930 | Spider:2 | Paralysed by Norris for 3 turns
 36975 | Spider:2 | Killed Norris
 38886 | Spider:3 | Reached XP level 16. HP: 128/137 MP: 25/25
 41752 | Spider:5 | Entered Level 5 of the Spider Nest
 42774 | Spider:5 | Reached skill level 13 in Shields
 44162 | Spider:5 | Reached skill level 10 in Dodging
 45007 | Spider:5 | Got a gossamer rune of Zot
 45662 | Vaults:1 | Entered Level 1 of the Vaults
 45847 | Vaults:1 | Slain by an orange rat

Action                   |  1- 3 |  4- 6 |  7- 9 | 10-12 | 13-15 | 16-18 || total
-------------------------+-------+-------+-------+-------+-------+-------++-------
Melee: Trident           |   114 |   257 |   479 |  1221 |   628 |   793 ||  3492
       Spear             |       |       |       |       |  2096 |       ||  2096
 Fire: Blowgun           |       |       |     6 |       |       |       ||     6
Invok: Upheaval          |       |       |     1 |     4 |       |       ||     5
       Elemental Force   |       |       |       |     3 |    18 |     7 ||    28
       Disaster Area     |       |       |       |     1 |     4 |       ||     5
Evoke: Wand              |       |     3 |     2 |    12 |    21 |     7 ||    45
  Use: Scroll            |     5 |     1 |    10 |    11 |     9 |     7 ||    43
       Potion            |       |     1 |     6 |     2 |     7 |     3 ||    19
 Stab: Distracted        |       |       |       |       |     1 |       ||     1
       Fleeing           |       |       |       |       |     1 |       ||     1
       Held in net/web   |       |       |       |       |       |     1 ||     1
  Eat: Chunk             |       |     7 |     7 |    14 |    41 |     3 ||    72
       Bread ration      |       |       |     1 |       |       |       ||     1
       Meat ration       |       |       |       |     3 |       |       ||     3
       Fruit             |       |       |       |     4 |    15 |     3 ||    22
       Royal jelly       |       |       |       |     1 |       |       ||     1
       Beef jerky        |       |       |       |     1 |       |     1 ||     2
       Pizza             |       |       |       |       |       |     8 ||     8
